 Dungeon Crawl Stone Soup version 0.17.1-2-g5865329 (webtiles) character file.

137 JustSomeDude the Shield-Bearer (level 5, -7/41 HPs)
             Began as a Demonspawn Fighter on Jan 16, 2016.
             Mangled by Sigmund
             ... wielding a +0 scythe
              (10 damage)
             ... on level 3 of the Dungeon.
             The game lasted 00:03:41 (2008 turns).

JustSomeDude the Shield-Bearer (Demonspawn Fighter) Turns: 2008, Time: 00:03:42

Health: -7/41      AC: 10    Str: 21    XL:     5   Next: 0%
Magic:  5/5        EV:  6    Int:  9    God:
Gold:   82         SH:  9    Dex: 14    Spells: 0 memorised, 4 levels left

rFire  + . .     SeeInvis .     a - +0 war axe
rCold  . . .     Clarity  .     j - +0 chain mail {rF+}
rNeg   . . .     SustAt   .     c - +0 shield
rPois  .         Gourm    .     (helmet restricted)
rElec  .         Spirit   .     (no cloak)
rCorr  .         Warding  .     (no gloves)
rMut   .         Stasis   .     (no boots)
MR     .....                    (no amulet)
Stlth  ..........               (no ring)
                                (no ring)

@: mighty, not resistant to hostile enchantments, extremely unstealthy
A: antennae 1, icy blue scales 1, spiny 1
a: no special abilities


You were on level 3 of the Dungeon.
You were near starving.

You visited 1 branch of the dungeon, and saw 3 of its levels.

You collected 82 gold pieces.

Inventory:

Hand Weapons
 a - a +0 war axe (weapon)
Armour
 c - a +0 shield (worn)
 j - a +0 chain mail of fire resistance (worn)
Jewellery
 n - an uncursed ring of protection from cold {unknown}
Scrolls
 b - a scroll of fog {unknown}
 f - 2 scrolls of noise {unknown}
 h - a scroll of random uselessness {unknown}
 i - 3 scrolls of identify {unknown}
 k - a scroll of teleportation {unknown}
 m - 3 scrolls of recharging {unknown}
Comestibles
 e - a bread ration
 g - a royal jelly
 l - a slice of pizza


   Skills:
 + Level 3.5 Fighting
 + Level 2.6 Axes
 + Level 3.3 Armour
 + Level 1.1 Dodging
 + Level 3.6 Shields


You had 4 spell levels left.
You didn't know any spells.

Dungeon Overview and Level Annotations

Branches:
Dungeon (3/15)

Altars:
Xom

Annotations:
D:3 Sigmund


Innate Abilities, Weirdness & Mutations

You have a pair of small antennae on your head.
You are partially covered in icy blue scales (AC +1).
You are partially covered in sharp spines.


Message History

Something hits you. Something hits you!
* * * LOW HITPOINT WARNING * * *
Something hits you.
* * * LOW HITPOINT WARNING * * *
Your chain mail prevents you from hitting something.
You block its attack.
You miss something. Something hits you but does no damage.
You miss something. Something hits you but does no damage.
Your chain mail prevents you from hitting something.
Something hits you but does no damage.
Your shield and chain mail prevent you from hitting something.
Something hits you but does no damage.
Your shield and chain mail prevent you from hitting something.
You closely miss something. Something hits you but does no damage.
You slash something! Something hits you but does no damage.
Your shield and chain mail prevent you from hitting something.
Something hits you but does no damage.
You closely miss something. Something hits you!
You die...

. #) .. #.#.
.# # .#. .# .
.. .# #.#.#.#
#.#...
#...)######
#(o{@...#
#.##)####.#
#...).{<#.#
#...#.#...#
...##.#.#...#
b.. ...!#.###
o. #......# .
#......#
#####.##


You could see an orc.

Vanquished Creatures
  Natasha (twice) (D:2)
  4 gnolls (D:2)
  2 giant geckos (D:1)
  5 orcs (D:3)
  11 bats
  3 giant cockroaches (D:1)
  9 goblins
  4 hobgoblins
  10 jackals
  5 kobolds
  2 ball pythons
  A giant newt (D:2)
  4 rats
62 creatures vanquished.

Notes
Turn   | Place    | Note
--------------------------------------------------------------
     0 | D:1      | JustSomeDude the Demonspawn Fighter began the quest for the Orb.
     0 | D:1      | Reached XP level 1. HP: 18/18 MP: 1/1
   168 | D:1      | Gained mutation: You are partially covered in sharp spines. [demonic ancestry]
   168 | D:1      | Reached XP level 2. HP: 18/24 MP: 2/2
  1049 | D:2      | Found a shimmering altar of Xom.
  1094 | D:2      | Reached XP level 3. HP: 26/29 MP: 3/3
  1297 | D:2      | Noticed Natasha
  1300 | D:2      | Killed Natasha
  1300 | D:2      | Reached skill level 1 in Dodging
  1334 | D:2      | Noticed Natasha
  1337 | D:2      | Killed Natasha
  1337 | D:2      | Gained mutation: You are partially covered in icy blue scales (AC +1). [demonic ancestry]
  1337 | D:2      | Reached XP level 4. HP: 21/35 MP: 4/4
  1982 | D:3      | Noticed Sigmund
  1994 | D:3      | Gained mutation: You have a pair of small antennae on your head. [demonic ancestry]
  1994 | D:3      | Reached XP level 5. HP: 18/41 MP: 5/5
  1998 | D:3      | HP: 1/41 [something (4)]
  2008 | D:3      | Mangled by Sigmund

Action                   |  1- 3 |  4- 6 || total
-------------------------+-------+-------++-------
Melee: War axe           |    74 |    51 ||   125
  Use: Potion            |       |     1 ||     1
  Eat: Chunk             |       |     2 ||     2
